 Dungeon Crawl Stone Soup version 0.27.1-33-g824d729ab1 (webtiles) character file.

Game seed: 576847260872827532

835 Teslajakalope the Chopper (level 7, -1/61 HPs)
             Began as a Minotaur Fighter on Dec 31, 2021.
             Was an Initiate of Makhleb.
             Slain by a hornet (2 damage)
             ... on level 5 of the Dungeon.
             The game lasted 00:10:51 (4202 turns).

Teslajakalope the Chopper (Minotaur Fighter)        Turns: 4202, Time: 00:10:52

Health: -1/61      AC:  7    Str: 22    XL:     7   Next: 66%
Magic:  6/6        EV:  9    Int:  5    God:    Makhleb [......]
Gold:   209        SH: 10    Dex: 16    Spells: 6/6 levels left

rFire    . . .     SeeInvis .   a - +0 war axe (spect)
rCold    . . .     Faith    .   c - +0 kite shield
rNeg     . . .     Spirit   .   b - +0 scale mail
rPois    .         Reflect  .   (helmet restricted)
rElec    .         Harm     .   (no cloak)
rCorr    .         Rampage  .   (no gloves)
Will     .....                  (no boots)
Stlth    ..........             (no amulet)
HPRegen  0.20/turn              v - +6 ring of dexterity
MPRegen  0.10/turn              (no ring)

@: lethally poisoned (-1 -> -4), slowed, very slow
A: horns 2, retaliatory headbutt
a: Renounce Religion


You were on level 5 of the Dungeon.
You worshipped Makhleb.
Makhleb was noncommittal.
You visited 1 branch of the dungeon, and saw 5 of its levels.

You collected 235 gold pieces.
You spent 26 gold pieces at shops.

Inventory:

Hand Weapons
 a - a +0 spectral war axe (weapon)
Missiles
 i - 6 curare-tipped darts (quivered)
Armour
 b - a +0 scale mail (worn)
 c - a +0 kite shield (worn)
Jewellery
 v - a +6 ring of dexterity (left hand)
Wands
 e - a wand of digging (5)
Scrolls
 g - a scroll of teleportation {unknown}
 h - a scroll of silence {unknown}
 k - a scroll of magic mapping {unknown}
 l - a scroll of enchant armour {unknown}
 n - 2 scrolls of noise {unknown}
 p - 2 scrolls of fear {unknown}
 q - a scroll of vulnerability {unknown}
 s - a scroll of blinking {unknown}
 u - a scroll of torment {unknown}
Potions
 d - 3 potions of might
 j - a potion of ambrosia
 m - a potion of invisibility
 o - 2 potions of heal wounds
 r - 2 potions of haste
 t - a potion of mutation {unknown}


   Skills:
 + Level 5.6 Fighting
 + Level 6.7 Axes
 + Level 6.0 Armour
 + Level 1.8 Dodging
 + Level 0.7 Stealth
 + Level 5.5 Shields
 + Level 0.1 Unarmed Combat


You had 6 spell levels left.
You didn't know any spells.
Your spell library contained the following spells:

 Spells                   Type           Power      Damage    Failure   Level
 Shock                    Conj/Air       0%         1d3       99%         1
 Slow                     Hex            0%         N/A       100%        2
 Confusing Touch          Hex            0%         N/A       100%        3
 Swiftness                Air            0%         N/A       100%        3
 Airstrike                Air            0%         N/A       100%        4
 Yara's Violent Unravell  Hex/Tmut       0%         3d3       100%        5


Dungeon Overview and Level Annotations

Branches:
Dungeon (5/15)
 Temple: D:4-7

Altars:
Ashenzari
Makhleb
Vehumet

Shops:
D:2 *


Innate Abilities, Weirdness & Mutations

You have a pair of horns on your head.
You reflexively headbutt those who attack you in melee.


Message History

You kill Blork the orc!
Makhleb accepts your kill. The hornet stings you!
You feel yourself slow down.
Your Armour skill increases to level 6!
Your scale mail prevents you from hitting the hornet.
Your headbutt misses the hornet.
You feel yourself speed up.
The hornet stings you but does no damage.
The hornet barely misses you. The hornet closely misses you.
You hit the hornet. You headbutt the hornet!
The hornet is moderately wounded.
You block the hornet's attack. The hornet stings you.
You feel yourself slow down.
You miss the hornet. Your headbutt misses the hornet.
The hornet is moderately wounded.
You block the hornet's attack. The hornet stings you.
You feel as though you will be slow longer.
The hornet barely misses you.
You closely miss the hornet. You headbutt the hornet.
The hornet is moderately wounded.
The hornet barely misses you. x3
You slash the hornet! Your headbutt misses the hornet.
The hornet is severely wounded.
You block the hornet's attack. The hornet completely misses you.
You furiously retaliate!
You headbutt the hornet! The hornet stings you!
* * * LOW HITPOINT WARNING * * *
You are poisoned.
You feel as though you will be slow longer.
You hit the hornet but do no damage.
The hornet is almost dead.
* * * LOW HITPOINT WARNING * * *
You feel very sick.
You block the hornet's attack. x2; The hornet stings you.
* * * LOW HITPOINT WARNING * * *
You feel as though you will be slow longer.
You closely miss the hornet.
The hornet is almost dead.
* * * LOW HITPOINT WARNING * * *
You feel sick. The hornet barely misses you. The hornet stings you.
You die...

....# #.#
....##########.#########
........................
....##....####.#.######
..........# #.....#
....##....######.#.#####
....# .................
....# .######.#.#...#
##### #@#.#...# #y# #
..# #.# .# ... ##### ...
..... ..... ..... .....
..... ......? .....


You could see a hornet.

Vanquished Creatures
  Duvessa (D:5)
  A necrophage (D:5)
  A phantom (D:4)
  A bullfrog (D:4)
  Blork the orc (D:5)
  2 scorpions
  Dowan (D:5)
  A bullfrog zombie (D:4)
  A hound (D:5)
  Jessica (D:2)
  An iguana (D:5)
  Ijyb (D:5)
  A hound skeleton (D:4)
  A howler monkey skeleton (D:4)
  3 adders
  An adder skeleton (D:4)
  A worm (D:4)
  2 dart slugs
  6 orcs (D:3)
  3 endoplasms
  2 giant cockroaches
  8 goblins
  11 hobgoblins
  8 jackals
  6 kobolds
  3 quokkas
  6 ball pythons
  8 bats
  4 frilled lizards
  4 rats
91 creatures vanquished.

Notes
Turn   | Place    | Note
-------+----------+-------------------------------------------
     0 | D:1      | Teslajakalope the Minotaur Fighter began the quest for the
                  | Orb.
     0 | D:1      | Reached XP level 1. HP: 19/19 MP: 0/0
    96 | D:1      | Found a faded altar of an unknown god.
   146 | D:1      | Reached XP level 2. HP: 25/27 MP: 1/1
   604 | D:2      | Noticed Jessica
   617 | D:2      | Killed Jessica
   618 | D:2      | Reached XP level 3. HP: 7/33 MP: 2/2
  1045 | D:2      | Found Zimu's General Store.
  1076 | D:2      | Bought a scroll of identify for 26 gold pieces
  1584 | D:3      | Reached XP level 4. HP: 36/40 MP: 3/3
  1698 | D:3      | Found a broken altar of Ashenzari.
  1719 | D:3      | Found a radiant altar of Vehumet.
  2275 | D:3      | Reached skill level 1 in Dodging
  2600 | D:4      | Noticed a bullfrog
  2604 | D:4      | Killed a bullfrog
  2605 | D:4      | Reached XP level 5. HP: 47/47 MP: 4/4
  3032 | D:4      | Reached XP level 6. HP: 53/53 MP: 5/5
  3107 | D:4      | Found a burning altar of Makhleb.
  3112 | D:4      | Reached skill level 5 in Axes
  3112 | D:4      | Reached skill level 5 in Armour
  3112 | D:4      | Reached skill level 5 in Shields
  3118 | D:4      | Became a worshipper of Makhleb the Destroyer
  3433 | D:5      | Entered Level 5 of the Dungeon
  3526 | D:5      | Reached skill level 5 in Fighting
  3689 | D:5      | Reached XP level 7. HP: 57/61 MP: 6/6
  3691 | D:5      | Noticed Ijyb
  3726 | D:5      | Killed Ijyb
  3784 | D:5      | Noticed Dowan
  3826 | D:5      | Killed Dowan
  3859 | D:5      | Noticed Duvessa
  3878 | D:5      | Killed Duvessa
  4188 | D:5      | Noticed Blork the orc
  4192 | D:5      | Noticed a hornet
  4195 | D:5      | Killed Blork the orc
  4201 | D:5      | HP: 2/61 [hornet (3)]
  4202 | D:5      | Slain by a hornet

Illustrated notes

Levels and vault maps discovered:
D:1:      ebering_trefoil_3fold, layout_rooms, basic_ecumenical_altar,
          minmay_tromino_v4_a
D:2:      layout_loops_ring, serial_shops, nicolae_shop_trees, uniq_jessica
D:3:      minmay_diamond_boxcup, layout_loops_cross,
          cheibrodos_ashenzari_chains, mainiacjoe_overflow_alcove_1,
          serial_co_window_serial, co_window_of_opportunity_a,
          co_window_of_opportunity_a, co_window_of_opportunity_a,
          co_window_of_opportunity_a, co_window_of_opportunity_a,
          co_window_corner_a, co_window_corner_a, co_window_2corner,
          co_window_cross_4, co_window_of_opportunity_b, co_window_sun,
          glass_columns_a, glass_columns_b, minmay_crystal_room
D:4:      layout_loops_cross, lightli_temple_of_fire, kennysheep_nub,
          kennysheep_generic_room_3
D:5:      layout_basic, lemuel_crystal_altar, uniq_ijyb, uniq_duvessa,
          uniq_blork_the_orc

Skill      XL: |  1  2  3  4  5  6  7 |
---------------+----------------------+-----
Axes           | 3 4 6 |  6.7
Fighting       | 4 5 |  5.6
Armour         | 4 5 6 |  6.0
Shields        | 4 5 |  5.5
Dodging        | 1 |  1.8
Stealth        | |  0.7
Unarmed Combat | |  0.1

Action                   |  1- 3 |  4- 6 |  7- 9 || total
-------------------------+-------+-------+-------++-------
Melee: War axe           |    72 |    90 |    29 ||   191
       Headbutt          |     8 |    13 |     7 ||    28
       Unarmed           |       |       |     3 ||     3
  Use: Scroll            |       |     5 |       ||     5
 Stab: Distracted        |       |     1 |       ||     1
Armor: Scale mail        |    46 |    32 |     6 ||    84
       Skin              |       |       |     1 ||     1
Dodge: Dodged            |    32 |    20 |    12 ||    64
Block: Kite shield       |    53 |    46 |    17 ||   116
